 Dungeon Crawl Stone Soup version 0.31-a0-214-gb37851dbb3 (webtiles) character file.

Game seed: 14407689777005634951

1436 qw the Cleaver (level 8, 0/51 HPs)
             Began as a Gargoyle Fighter on July 1, 2023.
             Was a Follower of Okawaru.
             Slain by an orc wizard
             ... wielding a +1 dagger of speed
              (4 damage)
             ... on level 6 of the Dungeon.
             The game lasted 00:02:19 (5027 turns).

qw the Cleaver (Gargoyle Fighter)                   Turns: 5027, Time: 00:02:20

Health: 0/51       AC: 14    Str: 19 (22) XL:     8   Next: 73%
Magic:  8/8        EV:  8    Int:  8 (9)  God:    Okawaru [*.....]
Gold:   148        SH:  0    Dex:  7 (9)  Spells: 7/7 levels left

rFire   . . .        Y - +0 war axe
rCold   . . .        c - +0 buckler
rNeg    + . .        n - +0 chain mail
rPois   inf          (no helmet)
rElec   +            (no cloak)
rCorr   .            (no gloves)
SInv    .            (no boots)
Will    .....        (no amulet) Stlth
                     (no ring)
HPRegen 0.28/turn    (no ring)
MPRegen 0.11/turn

%: no passive effects
@: confused
A: sickness immunity, AC +5, negative energy resistance 1, electricity
resistance, torment resistance 1, petrification resistance
a: Renounce Religion, Heroism


You were on level 6 of the Dungeon.
You worshipped Okawaru.
Okawaru was aware of your devotion.
You visited 2 branches of the dungeon, and saw 7 of its levels.

You collected 246 gold pieces.
You spent 98 gold pieces at shops.


Innate Abilities, Weirdness & Mutations

You are immune to sickness and miasma.
Your stone body is resilient. (AC +5)
You are immune to poison.
You resist negative energy. (rN+)
You are resistant to electric shocks. (rElec)
You are resistant to unholy torment.
You are immune to petrification.


   Skills:
 - Level 6.0 Fighting
 + Level 8.3 Axes
 - Level 3.2 Armour
 - Level 2.4 Dodging
 - Level 3.2 Shields
 + Level 0.0 Invocations


You had 7 spell levels left.
You didn't know any spells.
Your spell library was empty.

Inventory:

Hand Weapons
 b - a +0 flail
 Y - a +0 war axe (weapon)
Armour
 c - a +0 buckler (worn)
 n - a +0 chain mail (worn)
Scrolls
 a - 2 scrolls of identify
 h - 3 scrolls of enchant armour
 o - 2 scrolls of teleportation
Potions
 d - a potion of might
 e - 2 potions of curing
 f - a potion of lignification
 j - a potion of enlightenment
 k - a potion of heal wounds
 p - 3 potions of haste

Dungeon Overview and Level Annotations

Branches:
Dungeon (6/15)             Temple (1/1) D:4

Altars:
Ashenzari
Elyvilon
Fedhas
Gozag
Hepliaklqana
Kikubaaqudgha
Nemelex Xobeh
Okawaru
Qazlal
Ru
Trog
Uskayaw
Vehumet
Wu Jian
Xom
Yredelemnul
Zin

Shops:
D:4 (   D:5 (


Message History

You hit something. You closely miss something.
Something hits you but does no damage. x2; Something hits you.
You feel your intelligence returning.
You closely miss something. x2
You hear some strange, mumbled words.
A puff of flame appears from out of thin air!
The puff of flame hits you but does no damage.
Something hits you.
You closely miss something. x2
Something hits you but does no damage. x3
You barely miss something. You closely miss something.
Something hits you but does no damage. x2; Something hits you.
You slash something! You miss something.
Something hits you but does no damage. x2
You hear some strange, mumbled words.
Something tries to affect you, but you resist.
You hit something. You barely miss something.
You hear some strange, mumbled words.
A puff of flame appears from out of thin air!
The puff of flame misses you.
You hear some strange, mumbled words.
A magic dart appears from out of thin air!
The magic dart hits you!
You barely miss something. x2
Something hits you but does no damage.
You hear some strange, mumbled words.
Something tries to affect you, but you resist.
Something hits you but does no damage.
You barely miss something. x2
Something hits you but does no damage. x2
You closely miss something. You hit something but do no damage.
You hear some strange, mumbled words.
You are confused.
Something hits you.
You barely miss something. You miss something.
Something hits you but does no damage. x3
You completely miss something. You miss something.
Something completely misses you. Something hits you but does no damage.
Something hits you.
You die...

##....# .. ...#...# ..
..!....###.#
........#.. .....#..
........ ## .......
#.>... .... .......
#.{{# #..# ......
#)@###..# #.....
#...##.# #....
###......## #..#
#.........### #.<#
....###........####.##
#.## ##.........#.##
#...#..##...#
##...#....#..#
#.>.<##...###.#


There were no monsters in sight!

Vanquished Creatures
  Grinder (D:3)
  Sigmund (D:2)
  Eustachio (D:4)
  Menkaure (D:4)
  An orc warrior (D:6)
  An ogre (D:5)
  A kobold brigand (D:3)
  2 scorpions
  3 hounds
  2 orc priests (D:5)
  An iguana (D:5)
  4 orc wizards
  8 adders
  An ufetubus (D:5)
  2 worms
  5 dart slugs
  8 orcs (D:5)
  9 endoplasms
  6 giant cockroaches
  7 goblins
  2 hobgoblins (D:4)
  12 jackals
  5 kobolds
  2 quokkas
  8 ball pythons
  2 bats
  3 rats
99 creatures vanquished.

Vanquished Creatures (others)
  A butterfly (D:3)
1 creature vanquished.

Grand Total: 100 creatures vanquished

Notes
Turn   | Place    | Note
-------+----------+-------------------------------------------
     0 | D:1      | qw the Gargoyle Fighter began the quest for the Orb.
     0 | D:1      | Reached XP level 1. HP: 14/14 MP: 1/1
     0 | D:1      | 0 ||| qw: Version: 0.3-a-32-g5962c71
     0 | D:1      | 0 ||| qw: Game counter: 7381
     0 | D:1      | 0 ||| qw: Melee chars always use a shield: true
     0 | D:1      | 0 ||| qw: God list: Okawaru
     0 | D:1      | 0 ||| qw: Allow faded altars: false
     0 | D:1      | 0 ||| qw: Do Orc after clearing Dungeon:15 true
     0 | D:1      | 0 ||| qw: Do second Lair branch before Depths: true
     0 | D:1      | 0 ||| qw: Lair rune preference: random
     0 | D:1      | 0 ||| qw: Goals: Normal, Zot:1-4, Slime:5, God:TSO, Crypt,
                  | Tomb, Abyss, Pan, Hells, Win
     0 | D:1      | 0 ||| PLANNING D:1-11
   113 | D:1      | 113 ||| Stepping ~*~*~tactically~*~*~ (hiding).
   125 | D:1      | Reached skill level 2 in Axes
   129 | D:1      | Reached XP level 2. HP: 19/19 MP: 2/2
   283 | D:1      | 283 ||| DROPPING +0 club.
   287 | D:1      | Noticed a golden eye
   483 | D:1      | Noticed a great orb of eyes
   484 | D:1      | Found a faded altar of an unknown god.
   489 | D:1      | Noticed a shining eye
   489 | D:1      | Noticed a golden eye
   641 | D:1      | Reached skill level 3 in Axes
   963 | D:1      | Reached XP level 3. HP: 23/23 MP: 3/3
  1078 | D:1      | 1078 ||| READING 2 scrolls labelled TIYCI NAAWU.
  1079 | D:1      | 1079 ||| READING scroll labelled KARGHI ZEIGIYPS.
  1082 | D:1      | 1082 ||| READING scroll labelled XEYTZU ED FUMA.
  1083 | D:1      | 1083 ||| DRINKING 2 blue potions.
  1249 | D:2      | Reached XP level 4. HP: 27/28 MP: 4/4
  1315 | D:2      | Reached skill level 4 in Axes
  1394 | D:2      | Noticed Sigmund
  1404 | D:2      | Killed Sigmund
  1405 | D:2      | Reached skill level 5 in Axes
  1405 | D:2      | Reached XP level 5. HP: 23/32 MP: 5/5
  1405 | D:2      | Reached XP level 6. HP: 27/37 MP: 6/6
  1620 | D:2      | 1620 ||| Stepping ~*~*~tactically~*~*~ (stealth).
  1748 | D:2      | 1748 ||| UPGRADING to +0 chain mail.
  1758 | D:2      | 1758 ||| DROPPING +0 scale mail.
  1759 | D:2      | 1759 ||| READING 4 scrolls labelled DUICLEACAMAT.
  1760 | D:2      | 1760 ||| READING scroll labelled QOYX PIERUA.
  1793 | D:3      | Found an ornate altar of the Wu Jian Council.
  1848 | D:3      | Noticed Grinder
  1858 | D:3      | Paralysed by Grinder for 4 turns
  1866 | D:3      | Killed Grinder
  1867 | D:3      | Reached XP level 7. HP: 28/44 MP: 7/7
  1870 | D:3      | 1870 ||| Stepping ~*~*~tactically~*~*~ (stealth).
  2073 | D:3      | Found a white marble altar of Elyvilon.
  2139 | D:3      | 2139 ||| Stepping ~*~*~tactically~*~*~ (hiding).
  2153 | D:3      | Reached skill level 6 in Axes
  2186 | D:3      | Found a stormy altar of Qazlal.
  2405 | D:3      | 2405 ||| READING scroll labelled EXKUTU JE QUS.
  2406 | D:3      | 2406 ||| DRINKING 2 bubbling purple potions.
  2407 | D:3      | 2407 ||| READING 2 scrolls of identify.
  2407 | D:3      | 2407 ||| IDENTIFYING fizzy golden potion
  2425 | D:4      | 2425 ||| Stepping ~*~*~tactically~*~*~ (stealth).
  2427 | D:4      | 2427 ||| Stepping ~*~*~tactically~*~*~ (stealth).
  2436 | D:4      | Noticed Eustachio
  2452 | D:4      | 2452 ||| FLEEEEING.
  2453 | D:4      | 2453 ||| FLEEEEING.
  2454 | D:4      | 2454 ||| STAIRDANCE
  2487 | D:4      | 2487 ||| STAIRDANCE
  2520 | D:4      | 2520 ||| STAIRDANCE
  2558 | D:4      | 2558 ||| Stepping ~*~*~tactically~*~*~ (hiding).
  2559 | D:4      | 2559 ||| Stepping ~*~*~tactically~*~*~ (hiding).
  2574 | D:4      | Killed Eustachio
  2646 | D:4      | Found Bumavufo's Antique Weapon Shop.
  2654 | D:4      | 2654 ||| BUYING flail (98 gold).
  2654 | D:4      | Bought a flail for 98 gold pieces
  2654 | D:4      | 2654 ||| DROPPING +0 vampiric whip.
  2655 | D:4      | 2655 ||| DROPPING +0 whip.
  2719 | D:4      | 2719 ||| Stepping ~*~*~tactically~*~*~ (stealth).
  2813 | D:4      | Found a staircase to the Ecumenical Temple.
  2814 | D:4      | 2814 ||| PLANNING TEMPLE
  2820 | D:4      | 2820 ||| DRINKING 2 ruby potions.
  2829 | Temple   | Entered the Ecumenical Temple
  2909 | Temple   | 2909 ||| PLANNING OKAWARU WORSHIP
  3050 | Temple   | Became a worshipper of Warmaster Okawaru
  3051 | Temple   | 3051 ||| PLANNING D:1-11
  3074 | D:4      | Noticed Menkaure
  3080 | D:4      | Killed Menkaure
  3081 | D:4      | Reached XP level 8. HP: 44/49 MP: 8/8
  3213 | D:4      | Found an ancient bone altar of Kikubaaqudgha.
  3864 | D:4      | 3864 ||| READING scroll labelled UXIACW ASUMICO.
  3865 | D:4      | 3865 ||| READING scroll labelled YZOLOW LEEH.
  3866 | D:4      | 3866 ||| READING 3 scrolls of identify.
  3866 | D:4      | 3866 ||| IDENTIFYING fuming puce potion
  3867 | D:4      | 3867 ||| READING 2 scrolls of identify.
  3867 | D:4      | 3867 ||| IDENTIFYING green potion
  3868 | D:4      | 3868 ||| DROPPING potion of invisibility.
  3925 | D:5      | Entered Level 5 of the Dungeon
  3950 | D:5      | Reached skill level 7 in Axes
  3950 | D:5      | 3950 ||| FLEEEEING.
  3951 | D:5      | 3951 ||| FLEEEEING.
  3952 | D:5      | 3952 ||| FLEEEEING.
  3953 | D:5      | 3953 ||| FLEEEEING.
  3954 | D:5      | 3954 ||| FLEEEEING.
  3959 | D:5      | 3959 ||| STAIRDANCE
  4123 | D:5      | 4123 ||| Stepping ~*~*~tactically~*~*~ (stealth).
  4124 | D:5      | 4124 ||| Stepping ~*~*~tactically~*~*~ (stealth).
  4126 | D:5      | 4126 ||| Stepping ~*~*~tactically~*~*~ (hiding).
  4127 | D:5      | 4127 ||| Stepping ~*~*~tactically~*~*~ (hiding).
  4128 | D:5      | 4128 ||| Stepping ~*~*~tactically~*~*~ (hiding).
  4129 | D:5      | 4129 ||| Stepping ~*~*~tactically~*~*~ (hiding).
  4206 | D:5      | 4206 ||| Stepping ~*~*~tactically~*~*~ (stealth).
  4207 | D:5      | 4207 ||| Stepping ~*~*~tactically~*~*~ (stealth).
  4209 | D:5      | 4209 ||| Stepping ~*~*~tactically~*~*~ (hiding).
  4688 | D:5      | 4688 ||| Stepping ~*~*~tactically~*~*~ (hiding).
  4690 | D:5      | Found Taoretui's Weapon Shoppe.
  4699 | D:5      | 4699 ||| DRINKING 4 potions of curing.
  4699 | D:5      | 4699 ||| (to cure confusion)
  4700 | D:5      | 4700 ||| DRINKING 3 potions of curing.
  4700 | D:5      | 4700 ||| (to cure confusion)
  4704 | D:5      | Reached skill level 8 in Axes
  4938 | D:5      | 4938 ||| DRINKING 2 fuming clear potions.
  4939 | D:5      | 4939 ||| DROPPING potion of degeneration.
  5001 | D:6      | 5001 ||| Stepping ~*~*~tactically~*~*~ (hiding).
  5005 | D:6      | 5005 ||| Stepping ~*~*~tactically~*~*~ (hiding).
  5006 | D:6      | 5006 ||| Stepping ~*~*~tactically~*~*~ (stealth).
  5010 | D:6      | Reached skill level 6 in Fighting
  5017 | D:6      | Reached * piety under Okawaru
  5022 | D:6      | HP: 7/51 [something/magic dart (9)]
  5025 | D:6      | HP: 3/51 [something (5)]
  5027 | D:6      | Slain by an orc wizard

Levels and vault maps discovered:
D:1:      evilmike_arrival_hilbert_curve, layout_basic,
          hellmonk_ecumenical_altar_watching_god
D:2:      layout_basic, kennysheep_generic_room_8, uniq_sigmund
D:3:      layout_rooms, nicolae_wu_jian_immortal_techniques, old_standard_altar,
          nicolae_elyvilon_peaceful_grove, uniq_grinder
D:4:      layout_layer_cave, nicolae_kikubaaqudgha_miasma_corner,
          minmay_temple_entry_overgrown, serial_shops,
          nicolae_shop_rolling_square, uniq_menkaure, uniq_eustachio
D:5:      layout_basic, serial_shops, nicolae_shop_tiny_glass
D:6:      layout_layer_cave, kennysheep_little_box, grunt_dithmenos_shadows,
          mainiacjoe_overflow_alcove_1
Temple:   nicolae_temple_figure_eight

Skill      XL: |  1  2  3  4  5  6  7  8 |
---------------+-------------------------+-----
Axes           | 2 3 5 6 8 |  8.3
Fighting       | 5 6 |  6.0
Dodging        | 2 |  2.4
Armour         | |  3.2
Shields        | |  3.2

Action                     |  1- 3 |  4- 6 |  7- 9 || total
---------------------------+-------+-------+-------++-------
  Melee: War axe           |    80 |    64 |   229 ||   373
    Use: Scroll            |     3 |     2 |     6 ||    11
         Potion            |     1 |       |     5 ||     6
 Armour: Scale mail        |    45 |    27 |       ||    72
         Chain mail        |       |    10 |   143 ||   153
  Dodge: Dodged            |    36 |    31 |    90 ||   157
  Block: Buckler           |    14 |    12 |    45 ||    71

Table legend:
 A = Non-vault XP
 B = Vault XP
 C = Vault XP percentage of total XP
 D = Non-vault monster count
 E = Vault monster count
 F = Vault count percentage of total count
                 A         B        C        D         E       F
            +---------+---------+-------+---------+---------+-------
      Total |    1171 |     881 |  42.9 |      94 |       5 |   5.1
            +---------+---------+-------+---------+---------+-------
        D:1 |      47 |       0 |   0.0 |      22 |       0 |   0.0
        D:2 |      64 |     236 |  78.7 |      15 |       2 |  11.8
        D:3 |     139 |     277 |  66.6 |      15 |       1 |   6.2
        D:4 |     141 |     368 |  72.3 |      19 |       2 |   9.5
        D:5 |     532 |       0 |   0.0 |      20 |       0 |   0.0
        D:6 |     248 |       0 |   0.0 |       3 |       0 |   0.0
            +---------+---------+-------+---------+---------+-------
